[Event "FIDE World Championship 2023"]
[Site "Astana"]
[Date "2023.04.09"]
[Round "1.1"]
[White "Nepomniachtchi, Ian"]
[Black "Ding, Liren"]
[Result "1/2-1/2"]
[ECO "C85"]
[WhiteElo "2795"]
[BlackElo "2788"]
[Annotator "TA"]
[PlyCount "97"]
[EventDate "2023.04.09"]
[EventType "match"]
[EventCountry "KAZ"]
[SourceTitle "playchess.com"]
[Source "ChessBase"]
[SourceQuality "1"]
[TimeControl "40/7200:20/3600:900+30"]

1. e4 e5 2. Nf3 Nc6 3. Bb5 a6 4. Ba4 Nf6 5. O-O Be7 6. Bxc6 dxc6 7. Re1 Nd7 8. d4 {[%emt 0:00:35] C85: Closed Ruy Lopez: Deferred Exchange Variation.} exd4 9. Qxd4 O-O 10. Bf4 Nc5 11. Qe3 {[%emt 0:00:36] [#]} Bg4 $146 ({Predecessor:} 11... Ne6 12. Bg3 Bc5 13. Qc3 Qe7 14. Nbd2 Re8 15. Rad1 {½-½ Groszpeter,A (2446)-Pinter,J (2540) HUN-chT 1516 2015 (8.7)}) 12. Nd4 Qd7 13. Nc3 Rad8 {[%emt 0:02:07] [#]} 14. Nf5 Ne6 (14... Bxf5 15. exf5) 15. Nxe7+ Qxe7 16. Bg3 Bh5 17. f3 f6 18. h3 h6 19. Kh2 Bf7 20. Rad1 b6 21. a3 a5 22. Ne2 Rxd1 23. Rxd1 Rd8 24. Rd3 c5 25. Qd2 c6 26. Rxd8+ Nxd8 27. Qf4 {[%emt 0:00:18] Hoping for Qb8.} b5 28. Qb8 Kh7 {[%emt 0:00:38] Black is weak on the dark squares} 29. Bd6 {[%emt 0:14:25] White is more active.} Qd7 30. Ng3 Ne6 31. f4 h5 32. c3 c4 (32... h4 $11 33. Nf5 Bg6) 33. h4 $14 Qd8 34. Qb7 (34. Qxd8 {simplifies} Nxd8 35. a4 Nb7 36. Ba3) 34... Be8 (34... Qxd6 $2 35. Qxf7 Qxf4 36. Qxe6 $18) 35. Nf5 Qd7 36. Qb8 Qd8 37. Qxd8 Nxd8 $11 {[%emt 0:00:02][%cal Be6d8,Bd8b7,Bb7c5,Bc5d3][%mdl 4128] Endgame KBN-KBN} 38. Nd4 Nb7 {[%emt 0:00:33] The position is equal.} 39. e5 Kg8 40. Kg3 Bd7 41. Bc7 Nc5 42. Bxa5 Kf7 43. Bb4 Nd3 {[%emt 0:13:34] ...c5 is the strong threat.} 44. e6+ {[%emt 0:00:15][%mdl 64] [#] Deflection} Bxe6 {[%emt 0:00:06] aiming for ...c5.} 45. Nxc6 {[%emt 0:00:04] Black must now prevent Nd8+.} Bd7 46. Nd4 Nxb2 47. Kf3 Nd3 48. g3 Nc1 49. Ke3 {[%emt 0:01:05] Weighted Error Value: White=0.06 (flawless) /Black=0.07 (flawless)} 1/2-1/2

[Event "FIDE World Championship 2023"]
[Site "Astana"]
[Date "2023.04.10"]
[Round "2.1"]
[White "Ding, Liren"]
[Black "Nepomniachtchi, Ian"]
[Result "0-1"]
[ECO "D30"]
[WhiteElo "2788"]
[BlackElo "2795"]
[Annotator "TA"]
[PlyCount "58"]
[EventDate "2023.04.09"]
[EventType "match"]
[EventCountry "KAZ"]
[SourceTitle "playchess.com"]
[Source "ChessBase"]
[SourceQuality "1"]
[TimeControl "40/7200:20/3600:900+30"]

1. d4 Nf6 2. c4 e6 3. Nf3 d5 4. h3 dxc4 {[%emt 0:08:47] [#]} 5. e3 $146 ({Predecessor:} 5. Qa4+ Nbd7 6. Qxc4 a6 7. Qc2 b5 8. e4 Bb7 9. e5 Nd5 10. Be2 c5 11. dxc5 Bxc5 {0-1 Gatineau,Y (2423)-Gago Padreny,I (2289) Titled Tuesday intern op 26th May blitz 2020 (7)}) 5... c5 6. Bxc4 {[%emt 0:00:33] D30: Queen's Gambit Declined: Systems without Nc3.} a6 7. O-O Nc6 8. Nc3 {[%emt 0:03:33] The position is equal.} b5 9. Bd3 Bb7 10. a4 b4 11. Ne4 Na5 12. Nxf6+ gxf6 13. e4 c4 14. Bc2 Qc7 15. Bd2 Rg8 16. Rc1 O-O-O 17. Bd3 Kb8 $15 {[%emt 0:02:15][%cal Of6f5] Black has more active pieces.} 18. Re1 {[%emt 0:00:24] [#]} (18. Kh1 $15) 18... f5 $1 $17 19. Bc2 (19. Bb1 Nb3) 19... Nc6 20. Bg5 {[%emt 0:04:46] [#]} Rxg5 {[%emt 0:06:16][%mdl 576] Deflection} 21. Nxg5 Nxd4 22. Qh5 f6 23. Nf3 (23. Nxh7 $17 Bc5 24. Nxf6 (24. exf5 $2 {loses.} Nf3+ $19)) 23... Nxc2 $19 24. Rxc2 Bxe4 ({And not} 24... fxe4 25. Nd2 $11) 25. Rd2 Bd6 {[%emt 0:05:40] And now ...Bxf3 would win.} 26. Kh1 $2 (26. Nd4 c3 27. bxc3 bxc3 28. Rdd1) 26... c3 {[%emt 0:01:55] Black is clearly winning.} 27. bxc3 bxc3 28. Rd4 c2 29. Qh6 e5 {[%emt 0:02:14] Weighted Error Value: White=0.53/Black=0.04 (flawless)} 0-1

[Event "FIDE World Championship 2023"]
[Site "Astana"]
[Date "2023.04.12"]
[Round "3.1"]
[White "Nepomniachtchi, Ian"]
[Black "Ding, Liren"]
[Result "1/2-1/2"]
[ECO "D36"]
[WhiteElo "2795"]
[BlackElo "2788"]
[Annotator "TA"]
[PlyCount "60"]
[EventDate "2023.04.09"]
[EventType "match"]
[EventCountry "KAZ"]
[SourceTitle "playchess.com"]
[Source "ChessBase"]
[SourceQuality "1"]
[TimeControl "40/7200:20/3600:900+30"]

1. d4 Nf6 2. c4 e6 3. Nc3 d5 4. cxd5 exd5 5. Bg5 c6 6. e3 h6 7. Bh4 Be7 8. Bd3 O-O 9. Qc2 Re8 10. Nge2 Nbd7 11. O-O a5 {[%emt 0:00:00] D36: Queen's Gambit Declined: Exchange Variation: Main line (5 Bg5 c6 6 Qc2).} 12. a3 Nh5 13. Bxe7 Qxe7 14. Rae1 Nf8 15. Nc1 Nf6 {[%emt 0:00:00] The position is equal.} 16. f3 Ne6 {[%emt 0:00:00] [#]} 17. N1e2 $146 ({Predecessor:} 17. Qf2 c5 18. Bb5 Rd8 19. dxc5 Qxc5 20. Nb3 Qb6 21. Rd1 Bd7 22. Bxd7 Rxd7 23. Nd4 {½-½ Giri,A (2761)-Ding,L (2806) Chessable Masters Prelim rapid 2022 (6)}) 17... c5 18. Bb5 Rd8 19. dxc5 Qxc5 20. Qd2 Bd7 21. Bxd7 Nxd7 22. Nd4 (22. Nxd5 $2 {loses.} Nb6 $19) 22... Nb6 23. Rd1 Nc4 24. Qf2 Rac8 {[%emt 0:00:00][%cal Oc4b2] White should prevent ...Nxb2!} 25. Na4 Qe7 26. Rfe1 Qf6 27. Nb5 Nc7 28. Nd4 Ne6 29. Nb5 Nc7 30. Nd4 Ne6 {[%emt 0:00:00] Not much happened in this game.   Weighted Error Value: White=0.03 (flawless) /Black=0.01 (flawless)} 1/2-1/2

[Event "FIDE World Championship 2023"]
[Site "Astana"]
[Date "2023.04.13"]
[Round "4.1"]
[White "Ding, Liren"]
[Black "Nepomniachtchi, Ian"]
[Result "1-0"]
[ECO "A28"]
[WhiteElo "2788"]
[BlackElo "2795"]
[Annotator "TA"]
[PlyCount "93"]
[EventDate "2023.04.09"]
[EventType "match"]
[EventCountry "KAZ"]
[SourceTitle "playchess.com"]
[Source "ChessBase"]
[SourceQuality "1"]
[TimeControl "40/7200:20/3600:900+30"]

1. c4 Nf6 2. Nc3 e5 3. Nf3 Nc6 4. e3 Bb4 5. Qc2 Bxc3 6. bxc3 d6 {[%emt 0:01:16] A28: English Opening: Four Knights Variation.} 7. e4 O-O 8. Be2 Nh5 {[%emt 0:04:26] The position is equal. 8...h6 is the recent fashion.} 9. d4 Nf4 10. Bxf4 exf4 {[%emt 0:00:05] [#]} 11. O-O $146 ({Predecessor:} 11. h4 Re8 12. Bd3 Bg4 13. Ng1 f5 14. Kf1 fxe4 15. Bxe4 h6 16. Nf3 Bxf3 17. gxf3 {1-0 Rapport,R (2621)-Zaragatski,I (2460) Bundesliga 1213 2012 (10)}) 11... Qf6 12. Rfe1 Re8 13. Bd3 Bg4 14. Nd2 Na5 ({Black should play} 14... Rad8) 15. c5 dxc5 16. e5 Qh6 17. d5 Rad8 18. c4 b6 (18... f3 {is interesting.} 19. Qc3 b6 20. Nb3 Nxb3 21. axb3 a5) 19. h3 Bh5 20. Be4 Re7 21. Qc3 Rde8 22. Bf3 Nb7 23. Re2 (23. Bxh5 $11 Qxh5 24. Nf3) 23... f6 24. e6 Nd6 25. Rae1 Nf5 (25... Bxf3 $15 {might be stronger.} 26. Qxf3 (26. Nxf3 g5 $11) 26... g5) 26. Bxh5 (26. Bg4 $5 Qg6 27. Bxh5 Qxh5 28. Nf3 $11) 26... Qxh5 27. Re4 Qh6 28. Qf3 Nd4 {[%emt 0:01:48] [#]} (28... g5 $11) 29. Rxd4 $1 $16 {[%emt 0:01:17][%mdl 512] White stays focused until the end.} cxd4 30. Nb3 $1 {[%emt 0:00:01][%cal Bd2b3,Bb3d4,Bd4f5][%mdl 32] White is more active.} g5 (30... d3 $16 {might work better.}) 31. Nxd4 $18 Qg6 {[%emt 0:00:03] [#]} 32. g4 $1 fxg3 33. fxg3 h5 {[%emt 0:00:04] [#]} 34. Nf5 $1 Rh7 35. Qe4 {[%emt 0:06:19][%cal Of5e7] Ne7+! would be deadly.} Kh8 (35... Kf8 $142 36. Rf1 Rg7) 36. e7 Qf7 37. d6 cxd6 38. Nxd6 Qg8 (38... Qxe7 $142 39. Nxe8 Qxe4 40. Rxe4 f5) 39. Nxe8 Qxe8 {[%emt 0:00:02][%mdl 4096] Endgame KQR-KQR} 40. Qe6 Kg7 41. Rf1 Rh6 42. Rd1 f5 43. Qe5+ Kf7 44. Qxf5+ Rf6 45. Qh7+ Ke6 46. Qg7 (46. Re1+ $142 Kd7 47. Qe4 Rh6 48. Rd1+ Kc7 49. Qe5+ Kc8 50. Rd8+ Qxd8 51. exd8=Q+ Kxd8 52. Qxg5+ Ke8 53. Qxh6) 46... Rg6 47. Qf8 {[%emt 0:01:30] Weighted Error Value: White=0.07 (flawless) /Black=0.26 (precise)} 1-0

[Event "FIDE World Championship 2023"]
[Site "Astana"]
[Date "2023.04.15"]
[Round "5.1"]
[White "Nepomniachtchi, Ian"]
[Black "Ding, Liren"]
[Result "1-0"]
[ECO "C84"]
[WhiteElo "2795"]
[BlackElo "2788"]
[Annotator "TA"]
[PlyCount "95"]
[EventDate "2023.04.09"]
[EventType "match"]
[EventCountry "KAZ"]
[SourceTitle "playchess.com"]
[Source "ChessBase"]
[SourceQuality "1"]
[TimeControl "40/7200:20/3600:900+30"]

1. e4 e5 2. Nf3 Nc6 3. Bb5 a6 4. Ba4 Nf6 5. O-O Be7 6. d3 b5 7. Bb3 d6 8. c3 (8. a3 O-O 9. Nc3 Na5 10. Ba2 Be6 11. b4 Nc6 12. Bg5 Bxa2 13. Rxa2 Qd7 14. Bxf6 Bxf6 15. Nd5 a5 16. Rb2 axb4 17. axb4 Bd8 18. c4 {½-½ Nepomniachtchi,I (2773)-Ding,L (2799) Airthings Masters Prelim rapid 2022 (14)}) 8... O-O 9. h3 {[%emt 0:00:03] C84: Closed Ruy Lopez: Unusual White 6th moves.} Bb7 10. a4 Na5 11. Ba2 {[%emt 0:00:11] The position is equal.} c5 {[%emt 0:00:08] [#]} 12. Bg5 $146 ({Predecessor:} 12. Na3 Qd7 13. Bg5 bxa4 14. Nh4 Rab8 15. Nf5 Bd8 16. f4 exf4 17. Rxf4 Nb3 18. Bxb3 axb3 {1-0 Firouzja,A (2778)-Giri,A (2760) Miami FTX Crypto Cup rapid 2022 (3.7)}) 12... h6 13. Bxf6 Bxf6 (13... gxf6 $2 14. Nh4 Bc8 15. axb5 $18) 14. axb5 axb5 15. Nbd2 Nc6 16. Bd5 Rxa1 17. Qxa1 Qd7 18. Re1 Ra8 19. Qd1 Bd8 20. Nf1 Ne7 21. Bxb7 Qxb7 22. Ne3 Bb6 23. h4 Qc6 24. h5 c4 25. d4 exd4 ({Don't take} 25... Qxe4 26. Nxc4 Qc6 27. Nxb6 Qxb6 28. dxe5 dxe5 29. Nxe5 $16 (29. Rxe5 Nc6 $16)) 26. Nxd4 Qc5 27. Qg4 {[%emt 0:13:04] Hoping for Qd7.} Qe5 28. Nf3 {[%emt 0:01:49] A dynamic duo of knights.} (28. Qd7 $5 Bxd4 29. cxd4 Qxe4 30. f3 $11) 28... Qe6 29. Nf5 Nxf5 (29... Qf6 $1 $11) 30. exf5 $14 Qf6 31. Qe4 {[%emt 0:01:27] Repels d5} Rb8 32. Re2 Bc5 33. g4 Qd8 34. Qd5 Kf8 35. Kf1 Rc8 36. Re4 {[%emt 0:04:22][%cal Og4g5] White has more active pieces.} Rb8 {[%emt 0:04:43] [#]} 37. g5 $1 $40 {[%emt 0:04:38][%cal Of5f6][%mdl 640] f6! is the strong threat. White wants a kill.} hxg5 $2 {[%emt 0:00:59][%mdl 8192] Loses the game.} (37... Qd7 $16 {is more resistant.}) (37... Qc8 38. Nd4) 38. Rg4 $18 Ra8 (38... Qa5 $142 39. Nxg5 Qa1+ 40. Kg2 Qa8 41. Qxa8 Rxa8) 39. Nxg5 Ra1+ 40. Ke2 Qe7+ 41. Ne4 Qe8 42. Kf3 {[%emt 0:06:35] [#] Threatens to win with f6.} Qa8 43. Qxa8+ Rxa8 44. f6 g6 45. hxg6 fxg6 46. Rxg6 Ra2 47. Kg4 Rxb2 48. Rh6 {[%emt 0:00:19] Weighted Error Value: White=0.11 (very precise) /Black=0.41} 1-0

[Event "FIDE World Championship 2023"]
[Site "Astana"]
[Date "2023.04.16"]
[Round "6.1"]
[White "Ding, Liren"]
[Black "Nepomniachtchi, Ian"]
[Result "1-0"]
[ECO "D02"]
[WhiteElo "2788"]
[BlackElo "2795"]
[Annotator "TA"]
[PlyCount "87"]
[EventDate "2023.04.09"]
[EventType "match"]
[EventCountry "KAZ"]
[SourceTitle "playchess.com"]
[Source "ChessBase"]
[SourceQuality "1"]
[TimeControl "40/7200:20/3600:900+30"]

1. d4 Nf6 2. Nf3 d5 3. Bf4 c5 4. e3 Nc6 5. Nbd2 cxd4 6. exd4 {[%emt 0:00:10] D02: 1 d4 d5 2 Nf3 sidelines, including 2...Nf6 3 g3 and 2...Nf6 3 Bf4.} Bf5 7. c3 {[%emt 0:02:37] 7.Bb5 might become the main line.} e6 8. Bb5 {[%emt 0:06:33] The position is equal.} Bd6 9. Bxd6 Qxd6 10. O-O O-O 11. Re1 h6 {[%emt 0:06:28] [#]} 12. Ne5 $146 ({Predecessor:} 12. a4 Rfc8 13. a5 Qc7 14. Ne5 Nxe5 15. dxe5 Ne4 16. Nb3 Qxe5 17. f3 Nxc3 18. bxc3 Qxc3 {1-0 Kamsky,G (2677)-Marcus,H (2662) Titled Tuesday intern op1 4th Febr blitz 2020 (6)}) 12... Ne7 13. a4 a6 14. Bf1 Nd7 15. Nxd7 Qxd7 16. a5 Qc7 17. Qf3 Rfc8 18. Ra3 Bg6 19. Nb3 Nc6 20. Qg3 Qe7 21. h4 Re8 22. Nc5 e5 (22... Bc2 $14) 23. Rb3 Nxa5 24. Rxe5 Qf6 25. Ra3 Nc4 26. Bxc4 (26. Rxd5 $2 Re1 27. f3 Rb1 $19) 26... dxc4 27. h5 (27. Nxb7 $16 {[%cal Ob7d6] Nd6! is the strong threat.} Rxe5 28. Qxe5 (28. dxe5 Qb6 $16)) 27... Bc2 (27... Rxe5 $1 $11 {keeps the balance.} 28. Qxe5 (28. dxe5 Qd8 $11) 28... Qxe5 29. dxe5 Bxh5) 28. Nxb7 $16 {[%emt 0:02:29] Black is now going downhill.} Qb6 {[%emt 0:02:23] [#]} 29. Nd6 $1 {[%emt 0:04:29][%mdl 576] Double Attack} Rxe5 30. Qxe5 Qxb2 31. Ra5 (31. Nxc4 Qc1+ 32. Kh2 Bd3 $14) 31... Kh7 32. Rc5 {[%emt 0:00:44] White has more active pieces.} (32. Nxc4 $6 Qxc3 33. Rc5 f6 $14) (32. Nxf7 Rf8 33. Nd6 Qxc3 $14) ({White should try} 32. Qe1 $16) 32... Qc1+ (32... Qxc3 $14 33. Rc7 (33. Nxf7 Bd3 $14) (33. Nxc4 f6 $14) (33. Rxc4 Qd2 $11) 33... Qd2) 33. Kh2 $18 f6 34. Qg3 a5 (34... Bd3 {was worth a try.} 35. Nxc4 Bxc4) 35. Nxc4 (35. Rxc4 a4 36. Qf3 (36. Rc7 Qg5 $17) 36... Ra5 $11) 35... a4 36. Ne3 $1 {[%emt 0:01:20] Hoping for Rc7.} ({Don't play} 36. Rc7 $6 Qg5 $16) 36... Bb1 $2 (36... Rg8 37. Rc7 Be4) 37. Rc7 Rg8 38. Nd5 Kh8 {[%emt 0:00:05] Black is weak on the dark squares} 39. Ra7 {[%emt 0:02:49] aiming for Ne7.} a3 40. Ne7 $40 {[%emt 0:00:00][%mdl 128] Black is in trouble.} Rf8 (40... Re8 41. Nf5 Qg5) 41. d5 {[%emt 0:20:00] White wants to mate with Qc7.} ({Not} 41. Ng6+ Bxg6 42. hxg6 (42. Qxg6 Rg8 $11) 42... Qd1 $18) 41... a2 {[%emt 0:07:39] [#]} (41... Qe1 $18 42. f3 Qe2) 42. Qc7 $1 {[%emt 0:03:34] White mates.} Kh7 {[%emt 0:01:48] [#]} 43. Ng6 $1 {[%emt 0:01:02][%csl Ga7][%cal Rc7g7][%mdl 576] Discovered Attack} Rg8 {[%emt 0:00:55] [#]} 44. Qf7 $1 {[%emt 0:00:08] Weighted Error Value: White=0.17 (very precise) /Black=0.57} 1-0

[Event "FIDE World Championship 2023"]
[Site "Astana"]
[Date "2023.04.18"]
[Round "7.1"]
[White "Nepomniachtchi, Ian"]
[Black "Ding, Liren"]
[Result "1-0"]
[ECO "C07"]
[WhiteElo "2795"]
[BlackElo "2788"]
[Annotator "TA"]
[PlyCount "74"]
[EventDate "2023.04.09"]
[EventType "match"]
[EventCountry "KAZ"]
[SourceTitle "playchess.com"]
[Source "ChessBase"]
[SourceQuality "1"]
[TimeControl "40/7200:20/3600:900+30"]

1. e4 e6 2. d4 d5 3. Nd2 c5 4. Ngf3 cxd4 5. Nxd4 Nf6 6. exd5 Nxd5 7. N2f3 Be7 8. Bc4 {[%emt 0:04:57] 8.g3 gains popularity. C07: French Tarrasch: 3...c5, 4 Ngf3 and 4 exd5 Qxd5.} Nc6 9. Nxc6 bxc6 10. O-O {[%emt 0:00:09] The position is equal.} O-O 11. Qe2 Bb7 {[%emt 0:17:27] [#]} 12. Bd3 $146 ({Predecessor:} 12. Ne5 Qc7 13. Bd2 Bd6 14. f4 c5 15. Rae1 Ne7 16. Bd3 Ng6 17. Bxg6 fxg6 18. c4 {0-1 Kruppa,Y (2455)-Dokhoian,Y (2530) URS-ch U26 Uzhgorod 1987}) 12... Qc7 13. Qe4 Nf6 14. Qh4 c5 15. Bf4 Qb6 (15... Qd8 $11 16. Rfd1 h6) 16. Ne5 $14 {[%emt 0:00:52] Threatens to win with Nd7.} Rad8 {[%emt 0:16:07] Against Nd7} 17. Rae1 g6 (17... Ba6 $5) 18. Bg5 Rd4 19. Qh3 Qc7 (19... Qxb2 $2 20. Rb1 Rxd3 21. Nxd3 (21. Rxb2 Rxh3 22. gxh3 Ba8 $18) 21... Bxg2 22. Kxg2 $18) 20. b3 Nh5 21. f4 (21. Bh6 $11) 21... Bd6 (21... Bxg5 $1 $15 22. fxg5 Nf4 {[%mdl 64] Deflection}) 22. c3 Nxf4 {[%emt 0:00:08][%mdl 64] [#] Remove Defender} 23. Bxf4 (23. Rxf4 {seems wilder.} Bxe5 24. Bxg6 hxg6 25. cxd4 cxd4 26. Bf6) 23... Rxf4 {[%emt 0:00:05][%mdl 64] Remove Defender} 24. Rxf4 Bxe5 {[%emt 0:00:03] This pair of bishops is nice.} 25. Rh4 Rd8 26. Be4 {[%emt 0:01:32] Bxb7 is the strong threat.} (26. Rxh7 $2 Rxd3 $19) 26... Bxe4 27. Rhxe4 Rd5 28. Rh4 Qd6 29. Qe3 (29. Rxh7 $2 Rd1 30. Kf2 Rd3 $19) 29... h5 30. g3 Bf6 31. Rc4 {[%emt 0:00:57] [#]} h4 $1 32. gxh4 (32. Qf4 $5 Be5 33. Qxh4 $11) 32... Rd2 (32... Be5 $11) 33. Re2 (33. Rxc5 $2 Qxh2+ 34. Kf1 Qg2#) (33. Qg3 {feels hotter.} Qd5 34. Rf1 Be5 35. Qf3) 33... Rd3 {[%emt 0:00:01] This move loses the game for Black.} (33... Rd5 $11) 34. Qxc5 $18 Rd1+ (34... Qxc5+ $16 35. Rxc5 Bxc3) 35. Kg2 Qd3 36. Rf2 Kg7 (36... Rd2 37. h5 (37. Qxa7 Qd5+ 38. Kg1 Rd1+ 39. Rf1 Rxf1+ 40. Kxf1 Qd3+ 41. Kg1 Qd1+ 42. Kg2 Qd5+ 43. Kg3 Qd3+ 44. Kg2 Qd5+ 45. Kg3 Qd3+ 46. Kg2 Qd5+ $11) 37... Kg7) 37. Rcf4 (37. Qxa7 $2 {perishes.} Qd5+ 38. Rf3 Rd2+ $19) 37... Qxc3 {[%emt 0:00:14] Weighted Error Value: White=0.09 (flawless) /Black=0.45} 1-0

[Event "FIDE World Championship 2023"]
[Site "Astana"]
[Date "2023.04.20"]
[Round "8.1"]
[White "Ding, Liren"]
[Black "Nepomniachtchi, Ian"]
[Result "1/2-1/2"]
[ECO "E28"]
[WhiteElo "2788"]
[BlackElo "2795"]
[Annotator "TA"]
[PlyCount "89"]
[EventDate "2023.04.09"]
[EventType "match"]
[EventCountry "KAZ"]
[SourceTitle "playchess.com"]
[Source "ChessBase"]
[SourceQuality "1"]
[TimeControl "40/7200:20/3600:900+30"]

1. d4 Nf6 2. c4 e6 3. Nc3 Bb4 4. e3 O-O 5. a3 Bxc3+ 6. bxc3 d6 7. Ne2 {[%emt 0:00:14] E28: Nimzo-Indian: Sämisch: 5...0-0 6 e3.} c5 8. Ng3 Nc6 9. Ra2 {[%emt 0:00:21] [#] Black is slightly better.} b6 $146 ({Predecessor:} 9... e5 10. d5 Na5 11. e4 Nd7 12. Bd3 Re8 13. O-O Nf8 14. f4 exf4 15. Bxf4 Ng6 16. Raf2 Nxf4 17. Rxf4 {½-½ Hakobyan,A (2620)-Maghsoodloo,P (2728) Airthings Masters Play In rapid 2023 (7)}) 10. e4 Ba6 11. Bg5 h6 12. h4 hxg5 13. hxg5 {[%emt 0:00:29] [#] Black must now prevent e5.} g6 $1 14. gxf6 Qxf6 15. e5 dxe5 16. d5 Ne7 (16... Rad8 $15 17. Rd2 Na5 18. dxe6 Rxd2 19. Qxd2 Qf4 20. exf7+ Rxf7 21. Qxf4 (21. Qd8+ Rf8 $17) 21... exf4) 17. d6 $11 Nf5 {[%emt 0:01:07] Strongly threatening ...Bb7.} 18. Ne4 $1 Qd8 19. Qd3 {[%emt 0:14:32] Qh3 is the strong threat.} Kg7 $1 20. g4 $132 {[%emt 0:00:04][%cal Bg2g4,Bg4g5][%mdl 2080] [#] aiming for f4. White is fighting back} (20. Qh3 $2 Rh8 21. Qxh8+ Qxh8 22. Rxh8 Rxh8 $19) 20... Bb7 $1 {[%emt 0:02:17][%cal Of5d6] Hoping for ...Nxd6!} 21. Rh3 {[%emt 0:02:25] Prevents Nxd6} (21. gxf5 $2 exf5 22. f3 (22. Qh3 $2 Bxe4 23. f3 Bc6 $19) 22... fxe4 23. fxe4 f5 $19) 21... Nh4 {[%emt 0:20:54] Threatens to win with ...f5.} 22. g5 $1 Bxe4 $4 (22... Rh8 $1 $11 {and Black is okay.} 23. Qg3 Bxe4 24. Qxe5+ f6 25. Qxe4 fxg5) 23. Qxe4 $18 Nf5 24. Rd2 (24. Qxe5+ f6 25. gxf6+ (25. Qxe6 $2 Re8 $19) 25... Qxf6 $11) 24... Rh8 $2 (24... Rb8 25. f4 (25. Qxe5+ f6 $14) 25... Rh8 26. Qxe5+ (26. fxe5 $2 Rxh3 27. Bxh3 Qxg5 $19) 26... f6 27. Rxh8 (27. Qxe6 $2 Re8 $19) 27... fxe5 28. Rxd8 Rxd8) 25. Rxh8 (25. Qxe5+ f6 26. Qe4 (26. Qxe6 $2 Re8 $19) (26. gxf6+ Qxf6 27. Qe4 Rxh3 $11) 26... Qd7 $16) 25... Qxh8 26. d7 $2 ({Weaker is} 26. Qxe5+ Kg8 27. Qxh8+ Kxh8 $15) (26. Rd3 $1 $18 ) 26... Rd8 $16 27. Qxe5+ Kh7 28. Qh2+ Kg7 {[%emt 0:00:15] [#]} 29. Qe5+ (29. Qc7 $1 $16) 29... Kh7 $11 30. Qh2+ ({White should try} 30. Qc7 $11) 30... Kg7 $1 $16 {[%emt 0:00:09] [#]} 31. Qc7 Qh4 $2 32. Kd1 $2 ({White has to play} 32. Qxd8 $18 {Bg2 would kill now.} Qe4+ 33. Re2 Qb1+ 34. Kd2 Qb2+ 35. Kd3 Qb1+ 36. Rc2 Qxf1+ 37. Kd2) 32... Qxg5 $11 33. Kc2 {[%emt 0:00:02] Dancing on a razor blade. Active counter play!} Qe7 34. Bg2 {[%emt 0:01:31][%cal Og2c6] With the idea Bc6!} e5 (34... Nd4+ $1 $11 35. cxd4 Rxd7) 35. Be4 $1 $16 (35. Qxa7 $2 e4 36. Qb7 (36. Qxb6 $2 {perishes.} e3 $19) 36... e3 37. fxe3 Nxe3+ 38. Kb3 Nxg2 39. Rxg2 Rxd7 $19) 35... Nh6 36. Qxa7 Ng4 {[%emt 0:00:36] Black is weak on the light squares} 37. Bf3 $2 ({But not} 37. Qxb6 Rxd7 38. Rxd7 Qxd7 39. Qxc5 Qa4+ 40. Kd2 Qe8) (37. Kb3 $18) 37... Nxf2 $1 $11 {[%emt 0:01:30] The position is equal.} 38. Rxf2 e4 39. Re2 {[%emt 0:04:22] And now Bg4 would win.} f5 {[%emt 0:01:31] Wards off Bg4} 40. Qxb6 {[%emt 0:00:00][%cal Of3h5] Bh5! would be deadly.} Rxd7 41. Qb8 Qd6 42. Qxd6 Rxd6 43. Bxe4 fxe4 44. Rxe4 Kf6 {[%emt 0:01:31] Prevents Re5} 45. Re8 {[%emt 0:04:05] A brilliant game!   Weighted Error Value: White=0.34/Black=0.38} 1/2-1/2